 Dungeon Crawl Stone Soup version 0.31-a0-1338-gb567cfdca4 (webtiles) character file.

Game seed: 14842506876468184684

177 Curundu the Trooper (level 5, -3/47 HPs)
             Began as a Hill Orc Berserker on Dec 21, 2023.
             Was a Believer of Trog.
             Slain by a gnoll bouda
             ... wielding a +0 whip
              (9 damage)
             ... on level 4 of the Dungeon.
             The game lasted 00:11:20 (3244 turns).

Curundu the Trooper (Hill Orc Berserker)            Turns: 3244, Time: 00:11:21

Health: -3/47      AC: 10    Str: 22    XL:     5   Next: 57%
Magic:  5/5        EV:  9    Int:  7    God:    Trog [**....]
Gold:   97         SH:  0    Dex: 10    Spells: 4/4 levels left

rFire   . . .        q - +2 falchion (holy)
rCold   . . .        (no shield)
rNeg    . . .        f - +0 chain mail
rPois   .            (no helmet)
rElec   .            p - scarf {+Inv}
rCorr   .            r - +0 pair of gloves
SInv    .            (no boots)
Will    .....        (no amulet) Stlth
                     (no ring)
HPRegen 0.27/turn    (no ring)
MPRegen 0.09/turn

%: no passive effects
@: no status effects
A: no striking features
a: Renounce Religion, Evoke Invisibility, Berserk, Trog's Hand


You were on level 4 of the Dungeon.
You worshipped Trog.
Trog was pleased with you.
You visited 1 branch of the dungeon, and saw 4 of its levels.

You collected 97 gold pieces.

Inventory:

Hand Weapons
 q - a +2 falchion of holy wrath (weapon)
Missiles
 j - 9 boomerangs (quivered)
 u - 2 javelins
Armour
 f - a +0 chain mail (worn)
 p - a scarf of invisibility (worn)
 r - a +0 pair of gloves (worn)
Wands
 o - a wand of flame (20)
Scrolls
 b - 2 scrolls of revelation {unknown}
 c - a scroll of amnesia {unknown}
 e - 3 scrolls of teleportation {unknown}
 l - 2 scrolls of noise {unknown}
 t - 2 scrolls of identify {unknown}
Potions
 a - a potion of heal wounds {unknown}
 d - a potion of lignification {unknown}
 g - a potion of might {unknown}
 h - 2 potions of magic {unknown}
 i - 2 potions of cancellation {unknown}
 k - a potion of ambrosia {unknown}
 m - 2 potions of curing {unknown}
 n - a potion of attraction {unknown}
 s - a potion of brilliance {unknown}


   Skills:
 + Level 4.8 Fighting
 + Level 0.6(0.9) Short Blades
 + Level 0.9(1.1) Long Blades
 + Level 4.5(4.9) Axes
 + Level 2.3(3.4) Maces & Flails
 + Level 0.1(1.1) Staves
 + Level 3.4 Armour
 + Level 2.0 Dodging
 + Level 0.2 Stealth


You had 4 spell levels left.
You didn't know any spells.
Your spell library was empty.

Dungeon Overview and Level Annotations

Branches:
Dungeon (4/15)             Temple (0/1) D:4

Altars:
Fedhas
Okawaru
Sif Muna


Message History

The gnoll bouda is heavily wounded.
Your attacks no longer feel as feeble.
The gnoll hits you but does no damage.
The gnoll bouda hits you with a +0 whip!
You closely miss the gnoll bouda.
The gnoll bouda is heavily wounded.
The gnoll is no longer moving quickly.
The gnoll hits you but does no damage.
The gnoll bouda barks out a call to the hunt!
The gnoll picks up the pace!
The gnoll hits you but does no damage.
You hit the gnoll bouda but do no damage.
The gnoll bouda is heavily wounded.
The gnoll is no longer moving quickly.
The gnoll bouda barks out a call to the hunt!
The gnoll picks up the pace!
The gnoll closely misses you.
You hit the gnoll bouda.
The gnoll bouda is heavily wounded.
The gnoll bouda hits you but does no damage.
The gnoll hits you from afar with a +0 spear.
* * * LOW HITPOINT WARNING * * *
The gnoll bouda barely misses you.
You barely miss the gnoll bouda.
The gnoll bouda is heavily wounded.
The gnoll hits you but does no damage.
The gnoll bouda hits you with a +0 whip.
* * * LOW HITPOINT WARNING * * *
You hit the gnoll bouda.
The gnoll bouda is severely wounded.
The gnoll hits you but does no damage.
The gnoll bouda hits you but does no damage.
The gnoll hits you from afar with a +0 spear.
* * * LOW HITPOINT WARNING * * *
You hit the gnoll bouda.
The gnoll bouda is severely wounded.
The gnoll bouda hits you but does no damage.
The gnoll hits you from afar with a +0 spear.
* * * LOW HITPOINT WARNING * * *
The gnoll bouda hits you with a +0 whip!
You die...

#...~~♣~~... #...≈≈~≈≈g..
#....≈~≈...♣ #.#.......♣
#....l...♣ ######rgg..♣♣
......gg#### #######g# #@#
### #.# #.# #.#
###########.# ###.#
#...........#
########...###.########..#
#...............>.# #.##
#.######.##.##.##.# #.#
#.# #.##.##.##.## #.# #.#
#...........####.#


You could see a gnoll bouda, an iguana, 4 gnolls and a quokka.

Vanquished Creatures
  Crazy Yiuf (D:2)
  Terence (D:3)
  5 adders
  A dart slug (D:2)
  8 orcs
  6 ball pythons
  6 endoplasms
  2 giant cockroaches
  6 goblins
  5 hobgoblins
  4 quokkas
  5 bats
  6 frilled lizards
  5 kobolds
  8 rats
69 creatures vanquished.

Vanquished Creatures (others)
  A bat (D:2)
1 creature vanquished.

Grand Total: 70 creatures vanquished

Notes
Turn   | Place    | Note
-------+----------+-------------------------------------------
     0 | D:1      | Curundu the Hill Orc Berserker began the quest for the Orb.
     0 | D:1      | Reached XP level 1. HP: 19/19 MP: 1/1
   205 | D:1      | Reached XP level 2. HP: 24/27 MP: 2/2
   808 | D:2      | Found a blossoming altar of Fedhas.
   817 | D:2      | Reached XP level 3. HP: 33/33 MP: 3/3
   962 | D:2      | Reached ** piety under Trog
  1043 | D:2      | Reached skill level 1 in Maces & Flails
  1278 | D:2      | Found a runed translucent door.
  1279 | D:2      | Noticed Crazy Yiuf
  1359 | D:2      | Reached XP level 4. HP: 32/41 MP: 4/4
  1818 | D:2      | Killed Crazy Yiuf
  1996 | D:3      | Found a shimmering blue altar of Sif Muna.
  2358 | D:3      | Reached XP level 5. HP: 38/47 MP: 5/5
  2508 | D:3      | Noticed Terence
  2521 | D:3      | Killed Terence
  2984 | D:4      | Found a staircase to the Ecumenical Temple.
  3154 | D:4      | Found an iron altar of Okawaru.
  3244 | D:4      | Slain by a gnoll bouda

Illustrated notes

Levels and vault maps discovered:
D:1:      lightli_arrival_windingriver, layout_loops_ring,
          chequers_decorated_corner
D:2:      layout_basic, basic_altar, due_unseen_surprise,
          uniq_crazy_yiuf_cottage
D:3:      wad_woods_pond, layout_basic, mainiacjoe_overflow_24_doors,
          uniq_terence
D:4:      layout_loops_ring, elyvilon_altar_3, general_overflow_altar,
          mainiacjoe_overflow_chevrons, minmay_temple_entry_from_below_a

Skill      XL: |  1  2  3  4 |
---------------+-------------+-----
Fighting       | 4 |  4.8
Dodging        | 2 |  2.0
Maces & Flails | 1 2 |  2.3
Armour         | 3 |  3.4
Short Blades   | |  0.6
Long Blades    | |  0.9
Axes           | |  4.5
Staves         | |  0.1
Stealth        | |  0.2

Action                     |  1- 3 |  4- 6 || total
---------------------------+-------+-------++-------
  Melee: Whip              |    83 |       ||    83
         Hand axe          |     5 |       ||     5
         Punch             |     3 |       ||     3
         Short sword       |    39 |    12 ||    51
         Falchion          |       |    93 ||    93
         Quarterstaff      |       |     4 ||     4
  Throw: Boomerang         |     2 |     5 ||     7
 Invoke: Trog's Hand       |       |     1 ||     1
 Armour: Animal skin       |    14 |       ||    14
         Chain mail        |    74 |   126 ||   200
  Dodge: Dodged            |    62 |    69 ||   131

Table legend: (Time is in decaauts)
 A = Elapsed time spent in this place.
 B = Non-inter-level travel time spent in this place.
 C = Inter-level travel time spent in this place.
 D = Time resting spent in this place.
 E = Time spent auto-exploring this place.
 F = Levels seen in this place.
 G = Mean time per level.
                   A        B        C        D        E       F      G
               +--------+--------+--------+--------+--------+-----+--------+
         Total |   3275 |   3275 |      0 |     77 |   2306 |   4 |  818.8 |
       Dungeon |   3275 |   3275 |      0 |     77 |   2306 |   4 |  818.8 |
               +--------+--------+--------+--------+--------+-----+--------+

Top non-repeatable levels by time:
     D:2: 1267 daAuts
     D:3: 1021 daAuts
     D:1: 702 daAuts
     D:4: 284 daAuts
